 Dungeon Crawl Stone Soup version 0.26-a0-996-g6b303dbc09 (webtiles) character file.

Game seed: 14636217845121747943

2124 Descartes the Destroyer (level 9, -2/45 HPs)
             Began as a Deep Elf Hedge Wizard on Dec 6, 2020.
             Was an Initiate of Gozag.
             Shot with an arrow by a centaur (8 damage)
             ... on level 7 of the Dungeon.
             The game lasted 00:31:04 (13104 turns).

Descartes the Destroyer (Deep Elf Hedge Wizard)    Turns: 13104, Time: 00:31:04

Health: -2/45      AC: 11    Str:  7    XL:     9   Next: 8%
Magic:  17/18      EV: 12    Int: 23    God:    Gozag
Gold:   277        SH:  0    Dex: 14    Spells: 15/18 levels left

rFire    . . .     SeeInvis +   a - +0 long sword (elec)
rCold    . . .     Faith    .   (no shield)
rNeg     . . .     Spirit   .   J - +3 leather armour
rPois    .         Reflect  .   n - +0 helmet (curse)
rElec    .         Harm     .   (no cloak)
rCorr    .         Rampage  .   (no gloves)
MR       .....                  (no boots)
Stlth    ++........             (no amulet)
HPRegen  0.15/turn              w - ring of see invisible
MPRegen  0.16/turn              L - +4 ring of protection

@: no status effects
A: no striking features
a: Potion Petition, Call Merchant, Bribe Branch, Renounce Religion


You were on level 7 of the Dungeon.
You worshipped Gozag.
Gozag was aware of your devotion.
You visited 2 branches of the dungeon, and saw 8 of its levels.

You collected 397 gold pieces.
You paid 120 gold pieces to Gozag.

Inventory:

Hand Weapons
 a - a +0 long sword of electrocution (weapon)
 b - a +0 hunting sling
 j - a +0 dagger of holy wrath
Missiles
 e - 16 boomerangs (quivered)
 k - 357 stones
 p - 15 sling bullets
 s - 4 throwing nets
 v - 39 bolts
 x - 3 javelins
 y - 9 poisoned darts
 D - 104 arrows
Armour
 c - a +0 hat
 n - a cursed +0 helmet (worn)
 J - a +3 leather armour (worn)
 N - a +0 kite shield
 O - a cursed +0 chain mail
Magical Staves
 M - an uncursed staff of earth
Jewellery
 o - an uncursed ring of wizardry
 r - an uncursed ring of protection from cold
 w - a ring of see invisible (left hand)
 F - an uncursed ring of fire
 L - a +4 ring of protection (right hand)
Wands
 t - a wand of random effects (12)
 A - a wand of disintegration (16)
 P - a wand of iceblast (10)
Scrolls
 f - 4 scrolls of fear {unknown}
 g - 3 scrolls of enchant armour {unknown}
 i - 4 scrolls of remove curse {unknown}
 m - 2 scrolls of magic mapping {unknown}
 q - 5 scrolls of identify
 B - 3 scrolls of teleportation {unknown}
 E - 2 scrolls of blinking {unknown}
 K - a scroll of amnesia {unknown}
Potions
 d - 7 potions of curing
 h - a potion of resistance
 l - 2 potions of heal wounds
 u - a potion of berserk rage
 z - 4 potions of haste
 C - 3 potions of lignification
 G - 3 potions of flight {unknown}
 H - 2 potions of brilliance {unknown}
 I - a potion of attraction {unknown}


   Skills:
 - Level 2.4 Dodging
 - Level 2.4 Stealth
 + Level 4.3 Shields
 - Level 5.2 Spellcasting
 - Level 8.0 Conjurations
 - Level 1.1 Summonings
 - Level 8.0 Translocations
 - Level 2.0 Evocations


You had 15 spell levels left.
You knew the following spells:

 Your Spells              Type           Power        Failure   Level
a - Magic Dart            Conj           ####         1%          1
b - Blink                 Tloc           N/A          1%          2

Your spell library contained the following spells:

 Spells                   Type           Power        Failure   Level
 Conjure Flame            Conj/Fire      ###.....     9%          3
 Call Imp                 Summ           ##......     14%         2
 Mephitic Cloud           Conj/Pois/Air  ###.....     14%         3
 Slow                     Hex            #.......     22%         2


Dungeon Overview and Level Annotations

Branches:
Dungeon (7/15)             Temple (1/1) D:7

Altars:
Ashenzari
Cheibriados
Dithmenos
Elyvilon
Fedhas
Gozag
Hepliaklqana
Kikubaaqudgha
Makhleb
Nemelex Xobeh
Qazlal
Ru
Trog
Uskayaw
Vehumet
Wu Jian
Xom
Yredelemnul
Zin
The Shining One

Annotations:
D:2 Pikel
D:5 3 runed translucent doors, thewurscht's ghost, novice DrMo


Message History

The centaur shoots an arrow.
The arrow hits you but does no damage.
The centaur shoots an arrow.
The arrow closely misses you.
You see here an arrow.
The orc wizard casts a spell at you. The puff of flame hits you!
* * * LOW HITPOINT WARNING * * *
The centaur shoots an arrow.
The arrow misses you.
You hear a shout!
You see here an arrow.
The centaur shoots an arrow.
The arrow hits you.
* * * LOW HITPOINT WARNING * * *
The centaur shoots an arrow.
The arrow barely misses you.
You see here 2 arrows.
The centaur shoots an arrow.
The arrow hits you.
* * * LOW HITPOINT WARNING * * *
You see here an arrow.
The centaur shoots an arrow.
The arrow closely misses you.
The centaur shoots an arrow.
The arrow hits you!
You die...
Your body crumbles into a pile of gold.

#..# #.## ##c# #..
#.(## ##### ##..
##[.#####....# ..o
#...##....... #o.
#...#......# .o
##.........# .# #.#
##..@.....##..####o##
##...(...............o
#....[.....##.##.#..##
#.....<..#.......#....
#........#.##.#....##.
##.............#.##...o
#..........)##......##.
#.......##.....##.>....
#......####..#......##.


You could see a centaur.

Vanquished Creatures
  Sigmund (D:4)
  2 orc warriors
  3 phantoms
  An ogre (D:6)
  A centaur (D:5)
  3 lemures
  2 bullfrogs (D:6)
  A gnoll sergeant (D:6)
  A scorpion (D:5)
  A howler monkey (D:5)
  A bullfrog zombie (D:5)
  A jelly (D:5)
  5 orc priests
  2 bullfrog skeletons
  4 orc wizards
  2 centaur skeletons
  2 iguanas
  Jessica (D:2)
  6 worker ants
  Terence (D:2)
  2 killer bee zombies (D:6)
  A hound skeleton (D:6)
  A howler monkey zombie (D:6)
  7 gnolls (D:6)
  10 adders
  A shadow imp (D:5)
  A white imp (D:6)
  2 ufetubi
  An ooze (D:5)
  An adder zombie (D:5)
  An adder skeleton (D:5)
  A worm (D:2)
  2 dart slugs
  3 leopard geckos
  23 orcs
  11 bats
  9 giant cockroaches
  12 hobgoblins
  3 jackals (D:6)
  8 kobolds
  3 quokkas (D:7)
  6 frilled lizards
  15 goblins
  2 leopard gecko skeletons (D:4)
  A quokka zombie (D:5)
  7 rats
175 creatures vanquished.

Notes
Turn   | Place    | Note
-------+----------+-------------------------------------------
     0 | D:1      | Descartes the Deep Elf Hedge Wizard began the quest for the
                  | Orb.
     0 | D:1      | Reached XP level 1. HP: 10/10 MP: 7/7
   184 | D:1      | Reached XP level 2. HP: 15/15 MP: 1/9
   768 | D:1      | Found a bloodstained altar of Trog.
   873 | D:1      | Reached XP level 3. HP: 19/19 MP: 5/10
  1651 | D:2      | Noticed Terence
  1986 | D:2      | Reached XP level 4. HP: 6/24 MP: 2/12
  2591 | D:2      | Noticed Jessica
  2600 | D:2      | Killed Jessica
  2601 | D:2      | Reached skill level 5 in Conjurations
  3055 | D:3      | Reached XP level 5. HP: 11/28 MP: 6/13
  3568 | D:3      | Reached XP level 6. HP: 31/32 MP: 8/14
  3571 | D:3      | Learned a level 2 spell: Blink
  4294 | D:2      | Killed Terence
  5116 | D:4      | Noticed Pikel
  5495 | D:4      | Noticed Sigmund
  6313 | D:4      | Killed Sigmund
  6470 | D:4      | Reached XP level 7. HP: 36/36 MP: 8/15
  7850 | D:4      | Found a glowing silver altar of Zin.
  7853 | D:4      | Found a glowing golden altar of the Shining One.
  7921 | D:5      | Entered Level 5 of the Dungeon
  8015 | D:5      | Reached skill level 5 in Translocations
  8380 | D:5      | Noticed an air elemental
  8382 | D:5      | Found a stormy altar of Qazlal.
  8388 | D:5      | Noticed a water elemental
  8388 | D:5      | Noticed a fire elemental
  8745 | D:5      | Reached XP level 8. HP: 15/41 MP: 9/16
  9263 | D:5      | Noticed thewurscht's ghost (novice DrMo)
  9264 | D:5      | Found a runed translucent gate.
  9264 | D:5      | Found a runed translucent gate.
  9264 | D:5      | Found a runed translucent gate.
  9415 | D:1      | Found a bloodstained altar of Trog.
 10796 | D:6      | Reached skill level 1 in Evocations
 10854 | D:6      | Reached skill level 5 in Spellcasting
 11118 | D:6      | Found a white marble altar of Elyvilon.
 11291 | D:6      | Reached skill level 1 in Shields
 11915 | D:7      | Found a shadowy altar of Dithmenos.
 12082 | D:7      | Reached XP level 9. HP: 45/45 MP: 7/18
 12199 | D:7      | Found a staircase to the Ecumenical Temple.
 12212 | Temple   | Entered the Ecumenical Temple
 12298 | Temple   | Became a worshipper of Gozag Ym Sagoz the Greedy
 13104 | D:7      | Shot with an arrow by a centaur

Illustrated notes

Levels and vault maps discovered:
D:1:      saegor_arrival_simple_c, layout_loops_cross, minmay_hexomino_r4
D:2:      layout_rooms, uniq_terence, uniq_jessica
D:3:      layout_basic
D:4:      layout_loops_ring, minitemple, uniq_pikel, uniq_sigmund
D:5:      layout_rooms, gammafunk_ghost_split, nicolae_qazlal_style_of_elements
D:6:      layout_rooms, elyvilon_altar_1
D:7:      layout_cave_pods, old_standard_altar, minmay_temple_entry_ruins,
          trog_three_pillars_becter
Temple:   minmay_crystal_spiral_temple

Skill      XL: |  1  2  3  4  5  6  7  8  9 |
---------------+----------------------------+-----
Conjurations   | 2 3 4 5 6 7 8 |  8.0
Translocations | 3 6 8 |  8.0
Evocations     | 2 |  2.0
Spellcasting   | 5 |  5.2
Shields        | 3 4 |  4.3
Dodging        | |  2.4
Stealth        | |  2.4
Summonings     | |  1.1

Action                   |  1- 3 |  4- 6 |  7- 9 || total
-------------------------+-------+-------+-------++-------
Melee: Dagger            |     5 |       |       ||     5
       Long sword        |       |     5 |    32 ||    37
 Fire: Hunting sling     |    11 |     3 |       ||    14
Throw: Dart              |       |       |    29 ||    29
       Boomerang         |       |       |     8 ||     8
       Stone             |       |       |     1 ||     1
 Cast: Magic Dart        |   107 |   197 |   404 ||   708
       Blink             |       |    10 |    13 ||    23
Evoke: Wand              |       |     3 |       ||     3
  Use: Potion            |       |     1 |     1 ||     2
       Scroll            |       |       |     5 ||     5
Armor: Robe              |     4 |     9 |     1 ||    14
       Leather armour    |       |       |    38 ||    38
Dodge: Dodged            |    31 |    32 |   112 ||   175
       Rpst.: Long sword |       |     8 |    19 ||    27

Table legend: (Time is in decaauts)
 A = Elapsed time spent in this place.
 B = Non-inter-level travel time spent in this place.
 C = Inter-level travel time spent in this place.
 D = Time resting spent in this place.
 E = Time spent auto-exploring this place.
 F = Levels seen in this place.
 G = Mean time per level.
                   A        B        C        D        E       F      G
               +--------+--------+--------+--------+--------+-----+--------+
         Total |  13138 |  12473 |    665 |    508 |  10004 |   8 | 1642.2 |
       Dungeon |  12966 |  12385 |    581 |    508 |   9920 |   7 | 1852.3 |
        Temple |    171 |     87 |     84 |      0 |     84 |   1 |  171.0 |
               +--------+--------+--------+--------+--------+-----+--------+

Top non-repeatable levels by time:
     D:1: 2671 daAuts
     D:3: 2608 daAuts
     D:2: 2343 daAuts
     D:6: 1648 daAuts
     D:5: 1537 daAuts
     D:4: 1503 daAuts
     D:7: 654 daAuts
  Temple: 171 daAuts
